 Dungeon Crawl Stone Soup version 0.18.1-48-g4cf74bf (webtiles) character file.

22 Heedrag the Sneak (level 2, -2/11 HPs)
             Began as a Felid Enchanter on Aug 4, 2016.
             Slain by a quokka (4 damage)
             ... on level 1 of the Dungeon.
             The game lasted 00:01:47 (716 turns).

Heedrag the Sneak (Felid Enchanter)                  Turns: 716, Time: 00:01:48

Health: -2/11      AC:  1    Str:  4    XL:     2   Next: 68%
Magic:  6/6        EV: 18    Int: 16    God:
Gold:   8          SH:  0    Dex: 16    Spells: 1 memorised, 4 levels left
                                        Lives:  0   Deaths: 0

rFire  . . .     SeeInvis +       - Unarmed
rCold  . . .     Gourm    .     (armour unavailable)
rNeg   . . .     Faith    .     (shield unavailable)
rPois  .         Spirit   .     (helmet unavailable)
rElec  .         Dismiss  .     (cloak unavailable)
rCorr  .         Reflect  .     (gloves unavailable)
SustAt .         Harm     .     (boots unavailable)
MR     .....                    (no amulet)
Stlth  ++++......               (no ring)
                                (no ring)

@: quick, not resistant to hostile enchantments, stealthy
A: no armour, no weapons or thrown items, claws 1, fangs 3, see invisible,
carnivore 3, speed 1, shaggy fur 1, slow metabolism 1, sharp paws
a: no special abilities


You were on level 1 of the Dungeon.
You were completely stuffed.

You visited 1 branch of the dungeon, and saw 2 of its levels.

You collected 8 gold pieces.

Inventory:

Scrolls
 c - a scroll of blinking {unknown}
 e - 4 scrolls of identify {unknown}
 g - a scroll of remove curse {unknown}
Potions
 d - a potion of curing {unknown}
 h - a potion of heal wounds {unknown}
Books
 a - a book of Maledictions

   Spells                             Type                      Level
   a - Corona                         Hexes                        1
   b - Ensorcelled Hibernation        Hexes/Ice                    2
   c - Confuse                        Hexes                        3
   d - Tukima's Dance                 Hexes                        3
   e - Dazzling Spray                 Conjuration/Hexes            3
Comestibles
 b - a meat ration
 f - a beef jerky
 i - 2 chunks of flesh


   Skills:
 - Level 2.6 Dodging
 * Level 4.9 Stealth
 + Level 2.0 Unarmed Combat
 - Level 2.0 Spellcasting
 - Level 4.4 Hexes


You had 4 spell levels left.
You knew the following spells:

 Your Spells              Type           Power        Failure   Level  Hunger
a - Corona                Hex            ###....      4%          1    #......


Dungeon Overview and Level Annotations

Branches:
Dungeon (2/15)

Altars:

Annotations:
D:2 Terence


Innate Abilities, Weirdness & Mutations

You cannot wear armour.
You are incapable of wielding weapons or throwing items.
You have sharp claws.
You have razor-sharp teeth.
You have supernaturally acute eyesight.
You are carnivorous and can eat meat at any time.
You cover ground quickly.
You are covered in fur (AC +1).
You have a slow metabolism.
Your sharp claws are effective at attacking unaware monsters.


Message History

Ye be too injured ta fight recklessly!
Ye be too injured ta fight recklessly!
Ye be too injured ta fight recklessly!
Ye be too injured ta fight recklessly!
Ye scratch tha quokka but do nay damage.
Yer bite misses tha quokka.
Tha quokka closely misses ye.
Ye closely miss tha quokka.
Tha quokka misses ye.
Ye barely miss tha quokka.
Tha quokka misses ye.
Ye scratch tha quokka.
Tha quokka be heavily wounded.
Tha quokka bites ye.
* * * LOW HITPOINT WARNIN'
* * * Ye scratch tha quokka.
Tha quokka be almost dead.
Tha quokka bites ye.
* * * LOW HITPOINT WARNIN'
* * * Ye closely miss tha quokka.
Tha quokka be almost dead.
Tha quokka misses ye.
Tha quokka bites ye.
Ye die...

#.### #..# #..# ....#
#.## #..# #.#.# #..##
#).# #.#.# ##.#.###..#
#.#.########..##.....#
#..............#..##.#
#...########.........#
#...# ##.#.r#####
#)..####### #..#@#
.)........###.##.#
..[..............#
...###############
#### # # # #


You could see a quokka.

Vanquished Creatures
  A giant gecko (D:1)
  A ball python (D:1)
  3 bats (D:1)
  A giant cockroach (D:1)
  6 goblins (D:1)
  2 hobgoblins (D:1)
  A giant newt (D:1)
  A kobold (D:1)
  4 rats (D:1)
20 creatures vanquished.

Notes
Turn   | Place    | Note
--------------------------------------------------------------
     0 | D:1      | Heedrag the Felid Enchanter began the quest for the Orb.
     0 | D:1      | Reached XP level 1. HP: 7/7 MP: 4/4
   205 | D:1      | Reached XP level 2. HP: 8/11 MP: 6/6
   697 | D:2      | Noticed Terence
   716 | D:1      | Slain by a quokka

Skill      XL: |  1  2 |
---------------+-------+-----
Unarmed Combat | 2 |  2.0
Dodging        | |  2.6
Stealth        | |  4.9
Spellcasting   | |  2.0
Hexes          | |  4.4

Action                   || total
-------------------------++-------
Melee: Unarmed           ||    63
       Bite              ||     4
 Stab: Sleeping          ||     7
  Eat: Chunk             ||     7
Armor: Skin              ||     2
Dodge: Dodged            ||    57
